 Dungeon Crawl Stone Soup version 0.28-a0-1518-gbe868bca14 (webtiles) character file.

Game seed: 5155622259233113780

506 buddhastalin the Chopper (level 6, -1/84 HPs)
             Began as a Draconian Berserker on Jan 16, 2022.
             Was a Believer of Trog.
             Slain by a lemure (8 damage)
             ... led by Pikel
             ... on level 6 of the Dungeon.
             The game lasted 00:05:26 (4539 turns).

buddhastalin the Chopper (Draconian Berserker)      Turns: 4539, Time: 00:05:27

Health: -1/84      AC:  6    Str: 22    XL:     6   Next: 97%
Magic:  6/6        EV: 13    Int:  7    God:    Trog [**....]
Gold:   220        SH:  0    Dex: 10    Spells: 5/5 levels left

rFire   . . .      SeeInvis .   a - +0 hand axe
rCold   . . .      Faith    .   (no shield)
rNeg    . . .      Spirit   .   (armour unavailable)
rPois   .          Reflect  .   (helmet restricted)
rElec   .          Harm     .   (no cloak)
rCorr   +          Rampage  .   (no gloves)
Will    .....                   (no boots)
Stlth   ..........              (no amulet)
HPRegen 0.24/turn               i - ring of resist corrosion
MPRegen 0.10/turn               (no ring)

@: berserking (expiring), lethally poisoned (-1 -> -4), very quick
A: AC +6, unfitting armour, cold-blooded
a: Renounce Religion, Berserk, Trog's Hand


You were on level 6 of the Dungeon.
You worshipped Trog.
Trog was pleased with you.
You visited 1 branch of the dungeon, and saw 6 of its levels.

You collected 220 gold pieces.

Inventory:

Hand Weapons
 a - a +0 hand axe (weapon)
Missiles
 o - 2 boomerangs of dispersal (quivered)
Jewellery
 i - a ring of resist corrosion (left hand)
Wands
 u - a wand of digging (1)
 v - a wand of flame (18)
Scrolls
 b - 3 scrolls of fear {unknown}
 c - 2 scrolls of vulnerability {unknown}
 e - a scroll of blinking {unknown}
 h - 5 scrolls of teleportation {unknown}
 m - 2 scrolls of noise {unknown}
 n - 2 scrolls of amnesia {unknown}
 p - a scroll of identify {unknown}
 s - a scroll of enchant armour {unknown}
 x - a scroll of torment {unknown}
Potions
 d - 2 potions of resistance {unknown}
 f - a potion of ambrosia {unknown}
 g - 4 potions of lignification {unknown}
 j - 2 potions of mutation {unknown}
 k - a potion of brilliance {unknown}
 l - 2 potions of flight {unknown}
 q - 2 potions of heal wounds {unknown}
 r - a potion of might {unknown}
 t - 3 potions of curing {unknown}
 w - a potion of berserk rage
 z - a potion of invisibility {unknown}


   Skills:
 + Level 5.1 Fighting
 * Level 6.0 Axes
 + Level 4.2 Dodging


You had 5 spell levels left.
You didn't know any spells.
Your spell library was empty.

Dungeon Overview and Level Annotations

Branches:
Dungeon (5/15)
 Temple: D:4-7

Altars:
Nemelex Xobeh
Trog

Annotations:
D:6 Pikel


Innate Abilities, Weirdness & Mutations

Your plain brown scales are hard. (AC +6)
You cannot fit into any form of body armour.
You are cold-blooded and may be slowed by cold attacks.


Message History

The scorpion is heavily wounded.
You barely miss the lemure.
You feel sick. The scorpion stings you. The lemure barely misses you.
You slash the scorpion!
The scorpion is almost dead.
You slash the lemure!
You feel sick. The scorpion stings you.
* * * LOW HITPOINT WARNING * * *
You barely miss the scorpion.
Your tail-slap misses the scorpion.
The scorpion is almost dead.
You slash the lemure!
You feel sick.
A lemure comes into view.
The lemure barely misses you. The scorpion barely misses you.
You hit the scorpion.
You kill the scorpion!
Trog accepts your kill.
You barely miss the lemure.
You feel sick.
Pikel, Merchant of Souls comes into view.
He is wielding a +0 whip of freezing.
The lemure closely misses you.
Your Axes skill increases to level 6!
You closely miss the lemure.
Your tail-slap misses the lemure.
The lemure is heavily wounded.
You feel sick. The lemure hits you.
* * * LOW HITPOINT WARNING * * *
You slash the lemure!
The lemure is almost dead.
You feel sick.
You slash the lemure!
You kill the lemure!
That felt strangely unrewarding.
You feel sick.
You slash the lemure!
Your tail-slap misses the lemure.
The lemure is heavily wounded.
You feel sick.
Pikel drinks a potion.
Pikel goes berserk!
The lemure hits you.
* * * LOW HITPOINT WARNING * * *
You slash the lemure!
The lemure is severely wounded.
You hear a shout! x3
You barely miss the lemure.
The lemure is severely wounded.
You feel sick. The lemure hits you!
You die...

.. .. .. #. .##.
... # ..# ...
..# .
#.#..####..#....
.....K5@.......>
#.##..###..#....
## ).# . ..# ...
.#.# .#.# .#+#


You could see Pikel (berserk) and a lemure.

Vanquished Creatures
  A lemure (D:6)
  3 scorpions
  A centaur skeleton (D:5)
  Jessica (D:2)
  Natasha (thrice) (D:2)
  A howler monkey skeleton (D:4)
  10 adders
  A shadow imp (D:4)
  A white imp (D:5)
  An ufetubus (D:6)
  A worm (D:3)
  5 dart slugs
  4 orcs
  6 bats
  3 endoplasms
  5 giant cockroaches
  3 goblins
  3 hobgoblins
  4 jackals (D:1)
  4 kobolds
  A quokka (D:3)
  11 ball pythons
  A frilled lizard (D:3)
  5 rats
79 creatures vanquished.

Vanquished Creatures (others)
  4 plants (D:2)
  4 toadstools (D:5)
8 creatures vanquished.

Grand Total: 87 creatures vanquished

Notes
Turn   | Place    | Note
-------+----------+-------------------------------------------
     0 | D:1      | buddhastalin the Draconian Berserker began the quest for
                  | the Orb.
     0 | D:1      | Reached XP level 1. HP: 19/19 MP: 1/1
    53 | D:1      | Found a faded altar of an unknown god.
   102 | D:1      | Reached XP level 2. HP: 25/26 MP: 2/2
   911 | D:2      | Noticed Natasha
   918 | D:2      | Killed Natasha
   919 | D:2      | Reached XP level 3. HP: 23/33 MP: 3/3
  1093 | D:2      | Noticed Natasha
  1107 | D:2      | Killed Natasha
  1108 | D:2      | Reached skill level 4 in Axes
  1108 | D:2      | Reached XP level 4. HP: 37/40 MP: 4/4
  1434 | D:2      | Noticed Natasha
  1447 | D:2      | Killed Natasha
  1771 | D:2      | Noticed Jessica
  1774 | D:2      | Killed Jessica
  1774 | D:2      | Reached ** piety under Trog
  1775 | D:2      | Reached XP level 5. HP: 46/46 MP: 5/5
  2147 | D:3      | Found a bloodstained altar of Trog.
  2239 | D:3      | Found a sparkling altar of Nemelex Xobeh.
  3153 | D:4      | Reached skill level 5 in Axes
  3419 | D:4      | Reached XP level 6. HP: 26/53 MP: 6/6
  4145 | D:5      | Entered Level 5 of the Dungeon
  4511 | D:5      | Noticed a sky beast
  4511 | D:5      | You fall into a shaft and drop 1 floor!
  4525 | D:6      | Reached skill level 5 in Fighting
  4533 | D:6      | Noticed Pikel
  4534 | D:6      | Reached skill level 6 in Axes
  4539 | D:6      | Slain by a lemure

Illustrated notes

Levels and vault maps discovered:
D:1:      nzn_arrival_water_spiral, layout_basic,
          hellmonk_ecumenical_altar_dog_temple
D:2:      layout_loops_ring, serial_forest, infiniplex_forest_lined_room_3,
          infiniplex_forest_end_3, infiniplex_forest_lined_2,
          infiniplex_forest_3_way, minmay_misc_feat_secret_circle, uniq_natasha,
          uniq_jessica
D:3:      layout_basic, nemelex_xobeh_ov_fountains_minmay, bloody_trog,
          chequers_hall_statues_y, hangedman_decor_growths
D:4:      layout_rooms, minmay_snake_closets
D:5:      layout_layer_cave, fedhas_altar_4, minitemple, temple_doors_e,
          minmay_gold_behind_fungi
D:6:      layout_basic, mainiacjoe_overflow_concentric_impassable,
          okawaru_metal_pillars_1_2, st_stairs_3, hangedman_feature_mirror,
          corexii_hall_statues_x, uniq_pikel, uniq_duvessa

Skill      XL: |  1  2  3  4  5  6 |
---------------+-------------------+-----
Dodging        | 3 4 |  4.2
Fighting       | 4 5 |  5.1
Axes           | 4 5 6 |  6.0

Action                   |  1- 3 |  4- 6 || total
-------------------------+-------+-------++-------
Melee: Hand axe          |    60 |   211 ||   271
       Tailslap          |     5 |    22 ||    27
       Punch             |       |     4 ||     4
Invok: Berserk           |     2 |     2 ||     4
 Stab: Sleeping          |       |     2 ||     2
Armor: Skin              |    25 |    57 ||    82
Dodge: Dodged            |    34 |   143 ||   177

Table legend: (Time is in decaauts)
 A = Elapsed time spent in this place.
 B = Non-inter-level travel time spent in this place.
 C = Inter-level travel time spent in this place.
 D = Time resting spent in this place.
 E = Time spent auto-exploring this place.
 F = Levels seen in this place.
 G = Mean time per level.
                   A        B        C        D        E       F      G
               +--------+--------+--------+--------+--------+-----+--------+
         Total |   4584 |   4407 |    177 |   1517 |   2295 |   6 |  764.0 |
       Dungeon |   4584 |   4407 |    177 |   1517 |   2295 |   6 |  764.0 |
               +--------+--------+--------+--------+--------+-----+--------+

Top non-repeatable levels by time:
     D:2: 1196 daAuts
     D:3: 1090 daAuts
     D:4: 1002 daAuts
     D:1: 902 daAuts
     D:5: 367 daAuts
     D:6: 25 daAuts
